 Dungeon Crawl Stone Soup version 0.21-a0-143-g1ab7d47 (webtiles) character file.

5883 Leszczynek the Grappler (level 10, 26/92 HPs)
             Began as a Troll Skald on July 25, 2017.
             Was a Believer of Makhleb.
             Quit the game on level 11 of the Dungeon.
             The game lasted 00:26:31 (4485 turns).

Leszczynek the Grappler (Troll Skald)               Turns: 4485, Time: 00:26:32

Health: 26/92      AC:  7    Str: 19    XL:     10   Next: 52%
Magic:  11/11      EV: 10    Int: 10    God:    Makhleb [**....]
Gold:   42         SH: 10    Dex: 11    Spells: 4/11 levels left

rFire    . . .     SeeInvis .     - Unarmed
rCold    . . .     Gourm    +   r - +0 shield {reflect}
rNeg     . . .     Faith    .   a - +0 robe
rPois    .         Spirit   .   (helmet restricted)
rElec    .         Reflect  +   (no cloak)
rCorr    .         Harm     .   (gloves unavailable)
MR       .....     Clarity  +   (boots unavailable)
Stlth    +.........             (no amulet)
HPRegen  1.05/turn              D - ring of wizardry
MPRegen  0.12/turn              (no ring)

@: marked
A: unfitting armour, claws 3, icy blue scales 1, clarity, fast metabolism 3,
gourmand, regeneration 2, screaming 1, shaggy fur 1, tough skin 2, weak 1,
MP-powered wands
a: Minor Destruction, Renounce Religion


You were on level 11 of the Dungeon.
You worshipped Makhleb.
Makhleb was pleased with you.
You were not hungry.

You visited 2 branches of the dungeon, and saw 12 of its levels.

You collected 268 gold pieces.
You spent 226 gold pieces at shops.

Inventory:

Missiles
 p - 4 tomahawks
 w - 3 large rocks (quivered)
 B - a throwing net
Armour
 a - a +0 robe (worn)
 r - a +0 shield of reflection (worn)
Jewellery
 D - a ring of wizardry (left claw)
 E - an uncursed ring of ice
Wands
 l - a wand of random effects (21/48)
 m - a wand of flame (12/48)
 H - a wand of iceblast (7/15)
Scrolls
 i - a scroll of blinking
 q - 7 scrolls of identify {unknown}
 t - 3 scrolls of remove curse {@r2}
 v - a scroll of magic mapping {unknown}
 y - a scroll of fog {unknown}
 A - a scroll of noise {unknown}
 F - a scroll of summoning {unknown}
Potions
 c - a potion of degeneration {unknown}
 e - 2 potions of lignification {unknown}
 g - 2 potions of cancellation {unknown}
 j - 4 potions of heal wounds {unknown}
 k - 2 potions of ambrosia {unknown}
 n - 3 potions of curing {@q1}
 s - a potion of flight {unknown}
 u - a potion of haste
 z - 2 potions of brilliance {unknown}
 C - 2 potions of mutation {unknown}
 G - a potion of agility {unknown}
Books
 b - a book of Battle

   Spells                             Type                      Level
   a - Infusion                       Charms                       1
   b - Shroud of Golubria             Charms/Translocation         2
   c - Song of Slaying                Charms                       2
   d - Spectral Weapon                Hexes/Charms                 3
   e - Regeneration                   Charms/Necromancy            3
Comestibles
 d - 6 bread rations
 f - 8 royal jellies
 o - 3 meat rations


   Skills:
 - Level 4.0 Fighting
 - Level 2.4 Dodging
 + Level 7.7 Shields
 + Level 11.3 Unarmed Combat
 - Level 1.2 Spellcasting
 - Level 2.0 Charms
 * Level 3.2 Invocations


You had 4 spell levels left.
You knew the following spells:

 Your Spells              Type           Power        Failure   Level  Hunger
b - Shroud of Golubria    Chrm/Tloc      #.........   17%         2    ###....
q - Regeneration          Chrm/Necr      #.........   32%         3    ####...
B - Blink                 Tloc           N/A          26%         2    ###....


Dungeon Overview and Level Annotations

Branches:
Dungeon (11/15)            Temple (1/1) D:6
   Lair: D:8-11         Orc: D:9-12

Altars:
Ashenzari
Elyvilon
Fedhas
Hepliaklqana
Makhleb
Trog
Uskayaw
Xom
Yredelemnul

Shops:
D:8 %   D:11 *[(

Annotations:
D:4 nubinia's ghost, amateur GrVM
D:5 exclusion: centaur, grindst0ne's ghost, novice HOFE
D:9 lair (hell hounds), Erolcha
D:11 Psyche; zkyp's ghost, journeyman MiWr


Innate Abilities, Weirdness & Mutations

You are too large for most types of armour.
You have claws for hands.
Your metabolism is lightning-fast.
You like to eat raw meat.
You heal very quickly.
You are covered in fur. (AC +1)
You have very tough skin. (AC +2)
You are partially covered in icy blue scales. (AC +2)
You possess an exceptional clarity of mind.
You occasionally shout uncontrollably at your foes.
You are weak. (Str -2)
You expend magic power (3 MP) to strengthen your wands.


Message History

As you read the scroll of teleportation, it crumbles to dust.
You feel strangely unstable. The centaur skeleton hits you.
The hungry ghost hits you.
You block the centaur skeleton's attack.
Unknown command.
You block the wraith's attack.
Unknown command.
A hippogriff comes into view.
The bullfrog zombie hits you. You block the wraith's attack.
The orc priest mumbles some strange prayers to Beogh against you.
Pain shoots through your body! You block the bullfrog zombie's attack.
Your surroundings suddenly seem different.
The orc warrior barely misses you.
An orc wizard comes into view. It is wielding a hand axe.
The orc wizard casts a spell at you. The puff of flame hits you!
A crocodile, 6 orcs and 3 orc warriors come into view.
Unknown command.
Unknown command.
Are you sure you want to abandon this character and quit the game? (Confirm with "yes".)

##.###†##.#......#######.##
...........................
≈≈≈≈≈≈≈≈≈≈≈≈≈≈≈≈≈≈≈≈≈≈≈≈.##
≈≈≈≈≈≈≈≈≈≈≈≈≈≈≈≈≈≈≈≈≈≈≈≈.##
.'#####################≈≈o.#
............... #≈≈..Z
....o....o..... #≈≈..W
.o...oo8....... #≈≈.#Z
...o.o.@......t #≈≈H#W
....o...o..o... #≈≈.#.
###################≈≈.#W
≈≈≈≈≈≈≈[.. ≈≈≈≈≈≈≈..#
.........# ###......#
########


You could see 3 orc warriors, a crocodile, an orc wizard and 6 orcs.

Vanquished Creatures
  The ghost of sergedm the Thaumaturge, a novice DECj of Vehumet (D:6)
  A troll (D:10)
  3 hippogriffs
  A shadow (D:11)
  A human (D:7)
  4 hogs (D:7)
  3 yaks (D:10)
  Edmund (D:4)
  A soldier ant (D:7)
  3 sky beasts
  5 orc warriors
  A phantom (D:4)
  2 ogres
  5 centaurs
  3 bullfrogs
  2 water moccasin skeletons
  6 killer bees
  A wight (D:6)
  5 howler monkeys
  An electric eel (D:11)
  A crimson imp (D:8)
  A centaur zombie (D:10)
  6 orc priests
  A centaur skeleton (D:4)
  3 hounds
  Jessica (D:3)
  2 iguanas
  Natasha (D:3)
  7 orc wizards
  10 worker ants
  A hound skeleton (D:5)
  A hound zombie (D:6)
  A gnoll (D:1)
  2 worker ant zombies
  8 adders
  2 shadow imps
  An adder skeleton (D:4)
  An adder zombie (D:5)
  A worm (D:4)
  4 leopard geckos
  23 orcs
  A goblin (D:2)
  7 jackals
  2 kobolds
  A quokka (D:5)
  3 bats
  3 frilled lizards
  A leopard gecko skeleton (D:7)
  2 rats (D:3)
148 creatures vanquished.

Vanquished Creatures (others)
  A centaur (D:6)
  A bullfrog (D:6)
2 creatures vanquished.

Grand Total: 150 creatures vanquished

Notes
Turn   | Place    | Note
-------+----------+-------------------------------------------
     0 | D:1      | Leszczynek the Troll Skald began the quest for the Orb.
     0 | D:1      | Reached XP level 1. HP: 19/19 MP: 1/1
    83 | D:1      | Reached skill level 2 in Dodging
   128 | D:1      | Reached XP level 2. HP: 13/27 MP: 2/2
   135 | D:1      | Learned a level 2 spell: Shroud of Golubria
   239 | D:2      | Reached skill level 3 in Unarmed Combat
   361 | D:4      | Reached XP level 3. HP: 30/33 MP: 0/3
   378 | D:4      | Noticed nubinia's ghost (amateur GrVM)
   428 | D:3      | Noticed Jessica
   440 | D:3      | Killed Jessica
   460 | D:3      | Noticed Natasha
   466 | D:3      | Reached skill level 4 in Unarmed Combat
   474 | D:3      | Killed Natasha
   474 | D:3      | Reached XP level 4. HP: 29/41 MP: 4/4
   498 | D:4      | Noticed a phantom
   518 | D:4      | Killed a phantom
   518 | D:4      | Reached skill level 5 in Unarmed Combat
   518 | D:4      | Reached XP level 5. HP: 38/48 MP: 5/5
   604 | D:5      | Entered Level 5 of the Dungeon
   649 | D:5      | Reached skill level 6 in Unarmed Combat
   649 | D:5      | Reached XP level 6. HP: 54/55 MP: 6/6
   656 | D:5      | Noticed Edmund
   753 | D:4      | Killed Edmund
   753 | D:4      | Reached skill level 7 in Unarmed Combat
   936 | D:4      | Reached XP level 7. HP: 33/62 MP: 7/7
   962 | D:4      | Learned a level 3 spell: Regeneration
   968 | D:5      | Found a blossoming altar of Fedhas.
  1023 | D:4      | Learned a level 2 spell: Blink
  1122 | D:5      | Noticed grindst0ne's ghost (novice HOFE)
  1213 | D:5      | Reached skill level 8 in Unarmed Combat
  1590 | D:6      | Reached skill level 2 in Fighting
  1685 | D:6      | Reached skill level 1 in Shields
  1790 | D:6      | Noticed sergedm's ghost (novice DECj)
  1792 | D:6      | why does every level have a player ghost
  1803 | D:6      | Reached skill level 2 in Shields
  1839 | D:6      | Reached XP level 8. HP: 63/74 MP: 8/8
  1922 | D:6      | Found a staircase to the Ecumenical Temple.
  1943 | Temple   | Entered the Ecumenical Temple
  1944 | Temple   | well i got in
  1944 | Temple   | now how do i get out
  1944 | Temple   | lol
  1958 | Temple   | Became a worshipper of Makhleb the Destroyer
  1988 | D:6      | Killed sergedm's ghost
  1988 | D:6      | Reached skill level 4 in Shields
  1989 | D:6      | oh
  2131 | D:6      | Gained mutation: You are partially covered in icy blue scales. (AC +2) [mutagenic meat]
  2132 | D:6      | Gained mutation: You expend magic power (3 MP) to strengthen your wands. [mutagenic meat]
  2133 | D:6      | Gained mutation: You heal very quickly. [mutagenic meat]
  2134 | D:6      | Gained mutation: You are frail. (-10% HP) [mutagenic meat]
  2135 | D:6      | Gained mutation: You are weak. (Str -2) [mutagenic meat]
  2163 | D:6      | Reached skill level 5 in Shields
  2433 | D:6      | Noticed a hippogriff
  2443 | D:6      | Killed a hippogriff
  2480 | D:6      | Found a hazy altar of Hepliaklqana.
  2557 | D:6      | Reached skill level 3 in Fighting
  2610 | D:6      | no fucking stairs anywhere on this goddamn level
  2636 | D:6      | time for a hatch then
  2638 | D:7      | which takes me EXACTLY in the place where the one available set of stairs takes
  2638 | D:7      | into a group of bees
  2670 | D:6      | Reached XP level 9. HP: 42/72 MP: 9/9
  2800 | D:8      | Reached skill level 6 in Shields
  2842 | D:8      | Found Emoh's Food Shop.
  2874 | D:8      | Reached skill level 9 in Unarmed Combat
  2928 | D:8      | Noticed a queen ant
  2995 | D:8      | Reached * piety under Makhleb
  3090 | D:6      | ok, again
  3090 | D:6      | WHERE ARE THE FUCKING STAIRS HERE
  3287 | D:7      | Reached skill level 4 in Fighting
  3318 | D:7      | Lost mutation: You are frail. (-10% HP) [mutagenic meat]
  3500 | D:7      | Reached skill level 10 in Unarmed Combat
  3622 | D:7      | Reached skill level 7 in Shields
  3646 | D:7      | Reached XP level 10. HP: 38/92 MP: 10/10
  3780 | D:7      | Gained mutation: You possess an exceptional clarity of mind. [mutagenic meat]
  3781 | D:7      | Gained mutation: You occasionally shout uncontrollably at your foes. [mutagenic meat]
  3937 | D:8      | Reached ** piety under Makhleb
  3938 | D:8      | Reached skill level 11 in Unarmed Combat
  4000 | D:9      | Noticed Erolcha
  4013 | D:10     | Entered Level 10 of the Dungeon
  4018 | D:10     | Reached skill level 1 in Invocations
  4136 | D:10     | Reached skill level 2 in Invocations
  4274 | D:11     | Found Kaaletzo's Weapon Boutique.
  4290 | D:11     | Reached skill level 3 in Invocations
  4378 | D:11     | Found Raorph's Assorted Antiques.
  4384 | D:11     | Noticed zkyp's ghost (journeyman MiWr)
  4399 | D:11     | Bought a scroll labeled HEZXUI KIBIJ for 29 gold pieces
  4399 | D:11     | Bought a fizzy ruby potion for 26 gold pieces
  4399 | D:11     | Bought a golden potion for 26 gold pieces
  4399 | D:11     | Bought a scroll labeled ZEIMESHROUL for 29 gold pieces
  4399 | D:11     | Bought a long brass wand for 116 gold pieces
  4444 | D:11     | HP: 16/92 [zkyp's ghost (11)]
  4455 | D:11     | Found Gorurhin's Armour Shop.
  4481 | D:11     | Noticed Psyche
  4485 | D:11     | Quit the game

Vault maps used:
D:1:      dpeg_arrival_rhombi, xom_teletrap_fun
D:2:      grunt_dithmenos_smoke, first_bread, hangedman_decor_points
D:3:      uniq_jessica, uniq_sigmund, uniq_natasha
D:4:      uniq_duvessa
D:5:      fedhas_bush_and_centaur_altar, uniq_edmund
D:6:      nicolae_overflow_hidden_temple, minmay_temple_entry_water_ring,
          serial_co_window_serial, co_window_cross_1, co_window_corner_a,
          co_window_paths_a, co_window_corner_a, co_window_paths_b,
          co_window_of_opportunity_a, co_window_broadway_b, co_window_corner_ca,
          co_window_broadway_a, co_window_paths_d, co_window_sun, tso_altar
D:7:      grunt_livestock
D:8:      lemuel_crystal_altar, serial_shops, shop, minmay_another_anthill
D:9:      zin_scriptorium, minmay_lair_entry_lava, uniq_erolcha
D:10:     uniq_erica
D:11:     lemuel_ice_spiral_2, erik_orc_2, serial_shops, shop, shop, shop,
          nicolae_shop_statue_plus, nicolae_shop_waterfront,
          kennysheep_flooded_box, uniq_psyche
Temple:   regret_index_temple_mists

Skill      XL: |  1  2  3  4  5  6  7  8  9 10 |
---------------+-------------------------------+-----
Dodging        | 2 |  2.4
Unarmed Combat | 3 4 5 6 7 8 10 11 | 11.3
Fighting       | 2 3 4 |  4.0
Shields        | 2 5 7 |  7.7
Invocations    | 3 |  3.2
Spellcasting   | |  1.2
Charms         | |  2.0

Action                   |  1- 3 |  4- 6 |  7- 9 | 10-12 || total
-------------------------+-------+-------+-------+-------++-------
Melee: Unarmed           |    53 |    80 |   326 |   131 ||   590
       Punch             |       |     1 |     3 |       ||     4
 Cast: Shroud of Golubri |     1 |       |       |       ||     1
Evoke: Wand              |       |       |       |     2 ||     2
  Use: Scroll            |       |       |     8 |     1 ||     9
       Potion            |       |       |     2 |       ||     2
  Eat: Chunk             |     8 |     6 |    30 |    10 ||    54
Armor: Robe              |    22 |    14 |    67 |    25 ||   128
Dodge: Dodged            |    27 |    28 |   128 |    40 ||   223
Block: Shield            |       |       |   100 |    60 ||   160
       Reflection        |       |       |     5 |       ||     5
